 Dungeon Crawl Stone Soup version 0.29.0-5-ge4962eb29e (webtiles) character file.

Game seed: 3845339322441838148

74 LynnLen the Sneak (level 4, -2/22 HPs)
             Began as a Spriggan Enchanter on Aug 29, 2022.
             Killed from afar by an orc wizard (6 damage)
             ... with a magic dart
             ... on level 2 of the Dungeon.
             The game lasted 00:08:07 (2710 turns).

LynnLen the Sneak (Spriggan Enchanter)              Turns: 2710, Time: 00:08:08

Health: -2/22      AC:  2    Str:  4    XL:     4   Next: 9%
Magic:  0/10       EV: 17    Int: 18    God:
Gold:   10         SH:  0    Dex: 15    Spells: 4/9 levels left

rFire   . . .      SeeInvis +   a - +2 dagger
rCold   . . .      Faith    .   (no shield)
rNeg    . . .      Spirit   .   b - +0 robe
rPois   .          Reflect  .   (helmet restricted)
rElec   .          Harm     .   (no cloak)
rCorr   .          Rampage  .   (gloves unavailable)
Will    .....                   (boots unavailable)
Stlth   +++.......              (no amulet)
HPRegen 0.07/turn               (no ring)
MPRegen 0.12/turn               (no ring)

@: very quick
A: very small, no large weapons, unfitting armour, see invisible, speed 3
a: no special abilities


You were on level 2 of the Dungeon.
You visited 1 branch of the dungeon, and saw 3 of its levels.

You collected 82 gold pieces.
You spent 72 gold pieces at shops.

Inventory:

Hand Weapons
 a - a +2 dagger (weapon)
Armour
 b - a +0 robe (worn)
 g - a +0 buckler
Jewellery
 e - a ring of resist corrosion
 j - a ring of protection from cold
 m - a ring of poison resistance
Scrolls
 l - 4 scrolls of identify
 o - a scroll of amnesia {unknown}
Potions
 c - 2 potions of invisibility
 d - 2 potions of haste {unknown}
 f - a potion of ambrosia {unknown}
 h - a potion of might {unknown}
 i - a potion of mutation {unknown}
 k - a potion of lignification {unknown}
 n - 2 potions of heal wounds {unknown}


   Skills:
 + Level 1.2 Fighting
 - Level 1.1 Short Blades
 - Level 2.6 Dodging
 + Level 5.2 Stealth
 + Level 0.4 Shields
 + Level 3.4 Spellcasting
 + Level 4.2 Hexes
 + Level 0.4 Ice Magic


You had 4 spell levels left.
You knew the following spells:

 Your Spells              Type           Power      Damage    Failure   Level
a - Ensorcelled Hibernat  Hex/Ice        22%        N/A       9%          2
b - Confusing Touch       Hex            18%        N/A       9%          3

Your spell library contained the following spells:

 Spells                   Type           Power      Damage    Failure   Level
 Tukima's Dance           Hex            18%        N/A       9%          3
 Dazzling Flash           Conj/Hex       20%        N/A       21%         3


Dungeon Overview and Level Annotations

Branches:
Dungeon (3/15)

Altars:

Shops:
D:2 ?

Annotations:
D:2 Sigmund


Innate Abilities, Weirdness & Mutations

You are very small and have problems with some larger weapons.
You are too small for most types of armour.
You have supernaturally acute eyesight. (SInv)
You cover ground extremely quickly. (Speed+++)


Message History

You barely miss the orc wizard.
The orc wizard is lightly wounded.
You hit the orc wizard.
The orc wizard is heavily wounded.
The orc wizard points at you and mumbles some strange words.
You easily resist.
You closely miss the orc wizard.
The orc wizard is heavily wounded.
The orc wizard hits you but does no damage.
You hit the orc wizard.
The orc wizard is heavily wounded.
The orc wizard hits you with a +0 dagger.
You hit the orc wizard.
The orc wizard is heavily wounded.
The orc wizard hits you with a +0 dagger.
* * * LOW HITPOINT WARNING * * *
You hit the orc wizard.
The orc wizard is severely wounded.
The orc wizard closely misses you.
Your magical contamination has completely faded away.
You hit the orc wizard.
The orc wizard is severely wounded.
The orc wizard casts a spell at you. The puff of flame misses you.
You hit the orc wizard.
The orc wizard is severely wounded.
The orc wizard hits you but does no damage.
Aiming: Ensorcelled Hibernation (safe; 9% risk of failure)
Press: ? - help, Q - select action Shift-Dir - straight line, f/p - orc wizard
Aim: an orc wizard, wielding a +0 dagger and wearing a +0 robe (severely wounded, slightly transparent, chance to affect: 45%)
The orc wizard resists with some effort.
The orc wizard hits you but does no damage.
You hit the orc wizard but do no damage.
The orc wizard is severely wounded.
The orc wizard closely misses you.
You closely miss the orc wizard.
The orc wizard is severely wounded.
The orc wizard gestures at you while chanting.
The magic dart hits you.
You die...

########...#####......
##...)>...)..# #######
#....##.##...###
#....##.###....##
#....##.####.#..##
#............##..######
#......................
#....o...)..#####..####
#....)@.....# ##.......
#....######## #.>##....
####.# ###.######. #.#
#..∩....### #.#
#.#.#...# # #.#
#....)..# #.####
##......# ####o...####
###'#### #...........
#....#


You could see an orc wizard (invisible).

Vanquished Creatures
  An orc wizard (D:2)
  A worm (D:2)
  2 orcs (D:2)
  2 bats (D:1)
  2 endoplasms
  2 giant cockroaches (D:2)
  6 goblins
  3 hobgoblins
  3 quokkas
  7 ball pythons
  3 frilled lizards
  4 kobolds
  8 rats
44 creatures vanquished.

Vanquished Creatures (others)
  10 plants (D:1)
  3 withered plants (D:3)
13 creatures vanquished.

Grand Total: 57 creatures vanquished

Notes
Turn   | Place    | Note
-------+----------+-------------------------------------------
     0 | D:1      | LynnLen the Spriggan Enchanter began the quest for the Orb.
     0 | D:1      | Reached XP level 1. HP: 9/9 MP: 5/5
   562 | D:1      | Reached XP level 2. HP: 14/14 MP: 6/6
   565 | D:1      | Learned a level 2 spell: Ensorcelled Hibernation
  1619 | D:2      | Noticed Sigmund
  1641 | D:2      | Found Umny's Magic Scroll Shoppe.
  1658 | D:2      | Reached skill level 5 in Stealth
  1658 | D:2      | Reached XP level 3. HP: 17/17 MP: 8/8
  1662 | D:2      | Learned a level 3 spell: Confusing Touch
  1668 | D:2      | Bought 3 scrolls of identify for 72 gold pieces
  1725 | D:2      | Reached skill level 1 in Fighting
  1997 | D:2      | Found a faded altar of an unknown god.
  2439 | D:2      | Reached XP level 4. HP: 6/22 MP: 7/10
  2710 | D:2      | Killed from afar by an orc wizard

Illustrated notes

Levels and vault maps discovered:
D:1:      lightli_arrival_windingriver, layout_loops_ring
D:2:      cheibrodos_pilgrimage, layout_basic,
          shapermc_ecumenical_altar_notcrosses, serial_shops,
          nicolae_shop_crystal, uniq_sigmund
D:3:      layout_loops_ring, serial_undead, serial_undead_e, serial_undead_a,
          serial_undead_a, serial_undead_f, serial_undead_f,
          ebering_ghost_rock_garden, uniq_crazy_yiuf_cottage, uniq_jessica,
          uniq_natasha

Skill      XL: |  1  2  3 |
---------------+----------+-----
Spellcasting   | 3 |  3.4
Hexes          | 4 |  4.2
Stealth        | 5 |  5.2
Fighting       | 1 |  1.2
Short Blades   | |  1.1
Dodging        | |  2.6
Shields        | |  0.4
Ice Magic      | |  0.4

Action                   |  1- 3 |  4- 6 || total
-------------------------+-------+-------++-------
Melee: Dagger            |   105 |    16 ||   121
       Punch             |     1 |       ||     1
 Cast: Ensorcelled Hiber |    21 |     5 ||    26
  Use: Scroll            |     1 |       ||     1
 Stab: Sleeping          |    17 |     2 ||    19
Armor: Robe              |    10 |     3 ||    13
Dodge: Dodged            |    76 |     7 ||    83
